 Dungeon Crawl Stone Soup version 0.17.0-56-gd8de76c (webtiles) character file.

29065 graki42 the Arsonist (level 13, -5/56 HPs)
             Began as a Deep Elf Fire Elementalist on Dec 6, 2015.
             Was a High Priest of Vehumet.
             Killed from afar by an ice statue (22 damage)
             ... with a bolt of cold
             ... in an ice cave.
             The game lasted 01:20:34 (15697 turns).

graki42 the Arsonist (Deep Elf Fire Elementalist)  Turns: 15697, Time: 01:20:35

Health: -5/56      AC:  8    Str:  5    XL:     13   Next: 13%
Magic:  22/44      EV: 13    Int: 26    God:    Vehumet [*****.]
Gold:   596        SH:  0    Dex: 15    Spells: 7 memorised, 15 levels left

rFire  + . .     SeeInvis +     s - +3 quarterstaff (chaos)
rCold  . . .     Clarity  .     M - +2 leather armour {rF+}
rNeg   . . .     SustAt   .     (shield currently unavailable)
rPois  .         Gourm    .     w - +0 Maxwell's etheric cage {RegenMP *Contam rElec MP+4}
rElec  +         Spirit   .     t - +1 cloak
rCorr  .         Warding  .     (no gloves)
rMut   .         Stasis   .     (no boots)
MR     +....                    (no amulet)
Stlth  +.........               H - ring of magical power
                                m - ring of wizardry

@: contaminated, glowing, somewhat resistant to hostile enchantments, very
unstealthy
A: see invisible, frail 1, MP-powered wands
a: Renounce Religion


You were in an ice cave.
You worshipped Vehumet.
Vehumet was extremely pleased with you.
You were not hungry.

You visited 2 branches of the dungeon, and saw 15 of its levels.
You also visited: Ice Cave and Volcano.

You collected 944 gold pieces.
You spent 348 gold pieces at shops.

Inventory:

Hand Weapons
 s - a +3 quarterstaff of chaos (weapon)
Missiles
 l - a throwing net (quivered)
Armour
 t - a +1 cloak (worn)
 w - the +0 Maxwell's etheric cage (worn) {RegenMP *Contam rElec MP+4}
   (You bought it in a shop on level 5 of the Dungeon)

   It insulates you from electricity.
   It affects your magic capacity (+4).
   It causes magical contamination when unequipped.
 M - a +2 leather armour of fire resistance (worn)
Jewellery
 g - an uncursed amulet of resist corrosion {unknown}
 m - a ring of wizardry (left hand)
 n - an uncursed ring of stealth
 H - a ring of magical power (right hand)
 K - an uncursed ring of positive energy {unknown}
Wands
 I - a wand of digging (24)
Scrolls
 b - a scroll of teleportation
 e - a scroll of amnesia {unknown}
 k - a scroll of immolation
 o - 2 scrolls of magic mapping
 q - a scroll of recharging
 r - 2 scrolls of identify
 u - a scroll of enchant armour
 y - a scroll of silence
 D - 2 scrolls of fear
 J - a scroll of remove curse
Potions
 a - a potion of resistance
 h - 9 potions of curing
 v - 3 potions of agility
 x - a potion of mutation {unknown}
 z - 2 potions of magic
 A - 2 potions of lignification
 C - 2 potions of brilliance
 E - a potion of berserk rage
 F - a potion of haste
 G - a potion of might {unknown}
Miscellaneous
 p - a sack of spiders
Comestibles
 c - 11 bread rations
 d - 6 beef jerkies
 i - 3 meat rations
 j - 6 slices of pizza
 N - 10 fruits
 O - 8 royal jellies


   Skills:
 - Level 5.0 Dodging
 - Level 2.4 Stealth
 + Level 12.1 Spellcasting
 * Level 13.8 Conjurations
 * Level 14.5 Fire Magic
 + Level 8.3 Earth Magic


You had 15 spell levels left.
You knew the following spells:

 Your Spells              Type           Power        Failure   Level  Hunger
a - Flame Tongue          Conj/Fire      #####        1%          1    None
b - Conjure Flame         Conj/Fire      ######..     1%          3    None
c - Inner Flame           Hex/Fire       ######..     1%          3    None
d - Sticky Flame          Conj/Fire      ######..     1%          4    None
e - Fireball              Conj/Fire      ######....   1%          5    ###....
f - Sandblast             Erth           ######       1%          1    None
g - Iskenderun's Mystic   Conj           ######..     1%          4    None


Dungeon Overview and Level Annotations

Branches:
Dungeon (10/15)            Temple (0/1) D:6            Lair (5/8) D:9
  Swamp (0/4) Lair:3       Spider (0/4) Lair:3          Orc (0/4) D:10

Altars:
Ashenzari
Dithmenos
Elyvilon
Fedhas
Nemelex Xobeh
Okawaru
Trog
Vehumet

Shops:
D:5 [[?[   D:6 (:!?[   D:7 [   D:8 :   D:9 (

Annotations:
IceCv exclusion: ice statue


Innate Abilities, Weirdness & Mutations

You have supernaturally acute eyesight.
You are frail (-10% HP).
You expend magic power (3 MP) to strengthen your wands.


Message History

Aiming: Fireball
Press: ? - help, Shift-Dir - straight line, f - ice statue
Aim: an ice statue (severely damaged)
The fireball explodes!
The fireball engulfs the ice statue.
The ice statue melts!
You destroy the ice statue!
You feel your power returning.
Your surroundings seem slightly different.
The ice beast disappears in a puff of smoke!
Cornered, the ice beast turns to fight!
Casting: Fireball
Confirm with . or Enter, or press ? or * to list all spells.
Aiming: Fireball
Press: ? - help, Shift-Dir - straight line, f - ice beast
Aim: an ice beast (summoned)
The fireball explodes!
The fireball engulfs the ice beast.
The ice beast melts!
The ice beast is moderately wounded.
The ice statue throws cold at you. The bolt of cold hits you!
You die...

##### #####...##
##........##
##..........#
..#...§...Y@.##
Y.......§......#
##..........Y.##
###......§§Y.#
###.#.§§§#8#
####.§#### #§§##
##.§## ##§§#


You could see an ice statue and 3 ice beasts.

Vanquished Creatures
  Gastronok (Lair:1)
  3 hydras
  The ghost of AAAAA the Carver, a novice TeBe of Trog (D:6)
  Pikel (D:4)
  A lindwurm (Volcano)
  A toenail golem (Volcano)
  A gargoyle (Volcano)
  An ice statue (IceCv)
  A black mamba (Lair:4)
  A torpor snail (Lair:5)
  2 molten gargoyles (Volcano)
  Psyche (D:8)
  4 spiny frogs
  4 komodo dragons
  A fire drake (Lair:4)
  A queen bee (Lair:1)
  A troll (D:7)
  17 blink frogs
  Sigmund (D:3)
  A deep elf fighter (D:9)
  A wyvern (D:8)
  31 yaks
  4 basilisks
  2 hippogriffs (Lair:1)
  5 fire elementals (Volcano)
  The ghost of Uberwunderbarhen the Ducker, an amateur OpFi of Makhleb (D:4)
  9 wolves
  6 swamp worms (Lair:3)
  Edmund (D:4)
  A warg (D:10)
  5 ice beasts
  10 water moccasins
  A slave (D:5)
  A phantom (D:8)
  3 porcupines
  A black bear (Lair:4)
  A necrophage (D:10)
  An orc warrior (D:10)
  A sky beast (D:7)
  3 big kobolds (D:10)
  2 ogres
  12 giant frogs
  5 crocodiles
  A water moccasin zombie (D:8)
  A wyvern zombie (D:10)
  A water moccasin skeleton (D:8)
  8 wights
  3 scorpions
  17 killer bees (Lair:1)
  3 electric eels
  4 orc priests
  A crimson imp (D:6)
  A centaur zombie (D:9)
  A giant frog zombie (D:3)
  A jelly (D:4)
  Crazy Yiuf (D:2)
  A centaur skeleton (D:6)
  Jessica (D:3)
  4 orc wizards
  4 hounds
  10 worker ants
  8 iguanas
  8 sheep
  A hound skeleton (D:3)
  32 river rats
  12 adders
  A gnoll (D:5)
  2 shadow imps
  18 white imps
  6 ufetubi (IceCv)
  2 oozes
  5 worms
  5 giant geckos
  19 orcs
  22 bats
  11 goblins
  13 hobgoblins
  16 jackals
  4 quokkas
  5 giant cockroaches
  A giant gecko skeleton (D:7)
  4 giant newts
  3 kobolds
  A quokka zombie (D:3)
  16 rats
  2 bushes (Lair:5)
  2 fire vortices (Volcano)
  2 fungi (Lair:2)
  4 plants
440 creatures vanquished.

Vanquished Creatures (collateral kills)
  A plant (Lair:2)
1 creature vanquished.

Vanquished Creatures (others)
  A slave (D:4)
  A giant frog zombie (D:4)
  An adder (D:4)
  2 ufetubi (IceCv)
  A fire vortex (Volcano)
  5 fungi
  7 plants (Lair:1)
18 creatures vanquished.

Grand Total: 459 creatures vanquished

Notes
Turn   | Place    | Note
--------------------------------------------------------------
     0 | D:1      | graki42 the Deep Elf Fire Elementalist began the quest for the Orb.
     0 | D:1      | Reached XP level 1. HP: 10/10 MP: 6/6
   243 | D:1      | Reached XP level 2. HP: 15/15 MP: 6/8
   727 | D:2      | Reached skill level 4 in Fire Magic
   734 | D:2      | Reached XP level 3. HP: 16/19 MP: 2/10
   798 | D:2      | Learned a level 3 spell: Conjure Flame
   802 | D:2      | Learned a level 3 spell: Inner Flame
   847 | D:2      | Found a shattered altar of Ashenzari.
   848 | D:2      | Found a blossoming altar of Fedhas.
   851 | D:2      | Found a radiant altar of Vehumet.
   853 | D:2      | Found a bloodstained altar of Trog.
   853 | D:2      | Found an iron altar of Okawaru.
   865 | D:2      | Became a worshipper of Vehumet
  1222 | D:2      | Reached XP level 4. HP: 24/24 MP: 9/12
  1546 | D:2      | Noticed Crazy Yiuf
  1553 | D:2      | Killed Crazy Yiuf
  1667 | D:3      | Found a sparkling altar of Nemelex Xobeh.
  1685 | D:3      | Reached * piety under Vehumet
  1685 | D:3      | Offered knowledge of Shock by Vehumet.
  2042 | D:3      | Reached XP level 5. HP: 23/28 MP: 8/13
  2048 | D:3      | Learned a level 4 spell: Sticky Flame
  2109 | D:3      | Noticed Jessica
  2114 | D:3      | Killed Jessica
  2114 | D:3      | Reached skill level 5 in Fire Magic
  2715 | D:3      | Noticed Sigmund
  2724 | D:3      | Killed Sigmund
  2724 | D:3      | Reached XP level 6. HP: 20/32 MP: 7/14
  2914 | D:4      | Reached skill level 6 in Fire Magic
  2952 | D:4      | Noticed Uberwunderbarhen's ghost (amateur OpFi)
  2962 | D:4      | Killed Uberwunderbarhen's ghost
  2962 | D:4      | Reached XP level 7. HP: 36/36 MP: 7/15
  3017 | D:4      | Found a shadowy altar of Dithmenos.
  3245 | D:4      | Noticed Edmund
  3343 | D:4      | Killed Edmund
  3343 | D:4      | Reached skill level 5 in Conjurations
  3394 | D:4      | Reached skill level 5 in Dodging
  3576 | D:4      | Noticed Pikel
  3625 | D:5      | Entered Level 5 of the Dungeon
  3734 | D:4      | Killed Pikel
  3734 | D:4      | Reached skill level 5 in Spellcasting
  3734 | D:4      | Reached skill level 7 in Fire Magic
  3734 | D:4      | Reached XP level 8. HP: 15/41 MP: 6/18
  4079 | D:4      | Learned a level 5 spell: Fireball
  4502 | D:5      | Offered knowledge of Sandblast by Vehumet.
  4526 | D:5      | Reached ** piety under Vehumet
  4736 | D:5      | Reached skill level 8 in Fire Magic
  4745 | D:5      | Found Feikuy's Armour Emporium.
  4793 | D:5      | Found Noubaeg's Antique Armour Shoppe.
  4831 | D:5      | Found Nuelutip's Magic Scroll Emporium.
  5003 | D:5      | Found Ciesug's Armour Shoppe.
  5033 | D:6      | Found Vyobbevve's Antique Armour Emporium.
  5102 | D:6      | Noticed AAAAA's ghost (novice TeBe)
  5314 | D:7      | Found Renaaqut's Armour Boutique.
  5322 | D:7      | Noticed a troll
  5328 | D:7      | Killed a troll
  5328 | D:7      | Reached skill level 9 in Fire Magic
  5328 | D:7      | Reached XP level 9. HP: 34/45 MP: 11/20
  5466 | D:7      | Gained mutation: You have supernaturally acute eyesight. [mutagenic meat]
  5468 | D:7      | Gained mutation: You are partially covered in yellow scales (AC +2). [mutagenic meat]
  5469 | D:7      | Gained mutation: You are partially covered in thin metallic scales (AC +2). [mutagenic meat]
  5496 | D:6      | Found a staircase to the Ecumenical Temple.
  5497 | D:6      | Found Utyhioz's Book Shoppe.
  5589 | D:6      | Killed AAAAA's ghost
  5797 | D:6      | Found a white marble altar of Elyvilon.
  5855 | D:6      | Learned a level 1 spell: Sandblast
  5858 | D:6      | Found Medoteac's Magic Scroll Shoppe.
  5969 | D:6      | Found Natsais's Distillery.
  6089 | D:6      | Found Onkudam's Antique Weapon Shoppe.
  6398 | D:7      | Reached skill level 10 in Fire Magic
  6449 | D:7      | Offered knowledge of Ignite Poison by Vehumet.
  6480 | D:7      | Reached skill level 1 in Earth Magic
  6646 | D:8      | Found Yruucyc's Book Boutique.
  7089 | D:8      | Noticed Psyche
  7097 | D:8      | Killed Psyche
  7097 | D:8      | Reached XP level 10. HP: 13/50 MP: 14/24
  7273 | D:8      | Reached *** piety under Vehumet
  7639 | D:9      | Offered knowledge of Iskenderun's Mystic Blast by Vehumet.
  7911 | D:9      | Reached skill level 10 in Conjurations
  8095 | D:9      | Found Goluig's Antique Weapon Shoppe.
  8154 | D:9      | Found a staircase to the Lair.
  8645 | D:5      | Bought the +0 Maxwell's etheric cage {RegenMP *Contam rElec MP+4} for 348 gold pieces
  8801 | Lair:1   | Entered Level 1 of the Lair of Beasts
  8837 | Lair:1   | Noticed Gastronok
  8841 | Lair:1   | Found a dark tunnel.
  8848 | Volcano  | Entered a volcano
  8874 | Volcano  | Learned a level 4 spell: Iskenderun's Mystic Blast
  8876 | Volcano  | Reached skill level 11 in Fire Magic
  9526 | Volcano  | Noticed a toenail golem
  9541 | Volcano  | Killed a toenail golem
  9580 | Volcano  | Noticed a lindwurm
  9584 | Volcano  | Killed a lindwurm
  9689 | Lair:1   | Reached XP level 11. HP: 42/54 MP: 24/26
  9692 | Lair:1   | Noticed a six-headed hydra
  9696 | Lair:1   | HP: 1/54 [six-headed hydra (13)]
  9943 | D:10     | Entered Level 10 of the Dungeon
  9963 | D:10     | Reached **** piety under Vehumet
  9970 | D:10     | Offered knowledge of Fulminant Prism by Vehumet.
 10083 | D:10     | Found a staircase to the Orcish Mines.
 10499 | D:10     | Got a warped brass ring
 10590 | D:10     | Noticed a two-headed hydra
 10601 | D:10     | Killed a two-headed hydra
 10601 | D:10     | Reached skill level 12 in Fire Magic
 10609 | D:10     | Reached skill level 5 in Earth Magic
 10765 | D:10     | Identified the ring "Wialuvik" {Ice SInv} (You found it on level 10 of the Dungeon)
 10838 | Lair:1   | Killed a six-headed hydra
 11009 | Lair:1   | Reached skill level 10 in Spellcasting
 11064 | Lair:1   | Reached ***** piety under Vehumet
 11064 | Lair:1   | Offered knowledge of Lee's Rapid Deconstruction by Vehumet.
 11146 | Lair:1   | Killed Gastronok
 11235 | Lair:1   | Reached skill level 13 in Fire Magic
 11769 | Lair:1   | Reached XP level 12. HP: 59/59 MP: 28/28
 12657 | Lair:2   | Gained mutation: You have a pair of small horns on your head. [potion of beneficial mutation]
 12658 | Lair:2   | Lost mutation: You are partially covered in yellow scales (AC +2). [potion of cure mutation]
 12658 | Lair:2   | Lost mutation: You have a pair of small horns on your head. [potion of cure mutation]
 12658 | Lair:2   | Lost mutation: You are partially covered in thin metallic scales (AC +2). [potion of cure mutation]
 12661 | Lair:2   | Gained mutation: You expend magic power (3 MP) to strengthen your wands. [mutagenic glow]
 12761 | Lair:2   | Gained mutation: You are frail (-10% HP). [mutagenic glow]
 13724 | Lair:3   | Found a hole to the Spider Nest.
 14093 | Lair:3   | Found a staircase to the Swamp.
 14142 | Lair:3   | Reached skill level 14 in Fire Magic
 14410 | Lair:3   | Noticed a four-headed hydra
 14412 | Lair:3   | Offered knowledge of Airstrike by Vehumet.
 14413 | Lair:3   | Killed a four-headed hydra
 15238 | Lair:4   | Reached XP level 13. HP: 56/56 MP: 23/30
 15354 | Lair:5   | Found a frozen archway.
 15368 | IceCv    | Entered an ice cave
 15697 | IceCv    | Killed from afar by an ice statue

Action                   |  1- 3 |  4- 6 |  7- 9 | 10-12 | 13-15 || total
-------------------------+-------+-------+-------+-------+-------++-------
Melee: Unarmed           |     1 |       |       |       |       ||     1
       Quarterstaff      |       |     2 |    18 |     2 |       ||    22
 Cast: Flame Tongue      |    70 |    80 |   188 |   149 |     4 ||   491
       Conjure Flame     |       |     4 |     7 |     3 |       ||    14
       Sticky Flame      |       |     2 |    23 |    55 |       ||    80
       Inner Flame       |       |       |     3 |     1 |       ||     4
       Fireball          |       |       |     5 |   169 |    30 ||   204
       Iskenderun's Myst |       |       |       |    51 |       ||    51
       Sandblast         |       |       |       |     1 |       ||     1
Evoke: Wand              |       |       |     8 |     3 |       ||    11
  Use: Potion            |       |     2 |     3 |     5 |       ||    10
       Scroll            |       |       |     3 |    23 |     7 ||    33
 Stab: Sleeping          |       |     2 |     2 |     2 |       ||     6
  Eat: Chunk             |     1 |     5 |    21 |    36 |     3 ||    66
       Fruit             |       |       |     1 |     6 |       ||     7
       Meat ration       |       |       |       |     1 |       ||     1
       Pizza             |       |       |       |     1 |       ||     1
       Royal jelly       |       |       |       |     1 |     1 ||     2
